[Event "*** Titled Tuesday Blitz"]
[Site "Chess.com"]
[Date "2019.07.02"]
[Round "3"]
[White "vanea_03"]
[Black "FelixBlohberger"]
[Result "1-0"]
[WhiteElo "2682"]
[BlackElo "2522"]
[TimeControl "180+2"]
[EndTime "13:39:36 PDT"]
[Termination "vanea_03 won on time"]

1. d4 Nf6 2. c4 e6 3. g3 Bb4+ 4. Bd2 a5 5. Bg2 O-O 6. e3 d6 7. Ne2 e5 8. O-O Bxd2 9. Qxd2 Qe7 10. Nbc3 e4 11. h3 h5 12. f3 exf3 13. Rxf3 Nh7 14.
Nf4 c6 15. Rf2 g6 16. Raf1 Na6 17. e4 Nc7 18. Re2 Ne6 19. e5 dxe5 20. Rxe5 Qd6 21. Nxe6 Bxe6 22. Ne4 Qd8 23. d5 cxd5 24. cxd5 Bd7 25.
d6 Bc6 26. Kh2 Ra6 27. Nc5 Bxg2 28. Qxg2 Rxd6 29. Nxb7 Qb6 30. Nxd6 Qxd6 31. Rxa5 h4 32. Ra3 Ng5 33. Kh1 hxg3 34. Qxg3 Qd5+ 35. Qg2 Qe5 36.
Rd3 Kg7 37. Rd5 1-0

[Event "*** Titled Tuesday Blitz"]
[Site "Chess.com"]
[Date "2019.07.02"]
[Round "3"]
[White "witcher8"]
[Black "jacky72"]
[Result "1-0"]
[WhiteElo "2433"]
[BlackElo "2614"]
[TimeControl "180+2"]
[EndTime "13:39:37 PDT"]
[Termination "witcher8 won by resignation"]

1. e4 e5 2. Nf3 Nc6 3. Bc4 Bc5 4. c3 Nf6 5. d4 exd4 6. cxd4 Bb4+ 7. Nc3 Nxe4 8. O-O Bxc3 9. d5 Ne5 10. bxc3 Nxc4 11. Qd4 O-O 12. Qxc4 Nd6 13. Qf4 b6 14. Re1 Ba6 15. Ba3 Re8 16. Bxd6 cxd6 17. Nd4 Bb7 18. c4 Rc8 19. Nf5 Qf6 20. g3 Ba6 21. Nxd6 Rxe1+ 22. Rxe1 Qxf4 23. gxf4 Rd8 24. a4 Kf8 25. Kg2 g6 26.
Kg3 Rb8 27. f5 gxf5 28. Kf4 Bb7 29. Kxf5 Ba8 30. Kf6 a6 31. Re7 b5 32. Rxf7+ Kg8 33. Rg7+ Kf8 34. Rxh7 Kg8 35. Rg7+ Kf8 36. axb5 axb5 37.
Rf7+ Kg8 38. Nf5 Rb6+ 39. d6 Be4 40. Nh6+ Kh8 41. Rxd7 bxc4 42. Nf7+ Kh7 43. Ng5+ Kh6 44. Nxe4 Rb3 45. Rc7 Rf3+ 46. Ke5 c3 47. Rxc3 Rxc3 48. Nxc3 1-0

[Event "*** Titled Tuesday Blitz"]
[Site "Chess.com"]
[Date "2019.07.02"]
[Round "3"]
[White "CarrotsandPizza"]
[Black "andrzej"]
[Result "1-0"]
[WhiteElo "2277"]
[BlackElo "2309"]
[TimeControl "180+2"]
[EndTime "13:39:38 PDT"]
[Termination "CarrotsandPizza won by resignation"]

1. e4 c5 2. Nf3 e6 3. d4 cxd4 4. Nxd4 d6 5. c4 a6 6. Nc3 Nf6 7. Be2 b6 8. O-O Bb7 9. f3 Nbd7 10. Be3 Be7 11. Qd2 O-O 12. Rfc1 Rc8 13. a4 Re8 14.
Kh1 Bf8 15. a5 d5 16. axb6 dxe4 17. Na4 exf3 18. Bxf3 Bxf3 19. Nxf3 Ne4 20. Qa5 Ndc5 21. Nxc5 Bxc5 22. Bxc5 Rxc5 23. Qxa6 Qd3 24. Ra3 Qe2 25. Qa8 Rcc8 26. b7 Rcd8 27. Qa7 Rd1+ 28. Rxd1 Qxd1+ 29. Ng1 Qf1 30. b8=Q Nf2+ 31. Qxf2 Rxb8 32. Qxf1 1-0

[Event "*** Titled Tuesday Blitz"]
[Site "Chess.com"]
[Date "2019.07.02"]
[Round "3"]
[White "imdarealist"]
[Black "WilliamSchill"]
[Result "1-0"]
[WhiteElo "2064"]
[BlackElo "1948"]
[TimeControl "180+2"]
[EndTime "13:39:39 PDT"]
[Termination "imdarealist won on time"]

1. d4 Nf6 2. c4 g6 3. g3 Bg7 4.
Bg2 O-O 5. Nc3 d6 6. Nf3 Nbd7 7. O-O e5 8. h3 c6 9. e4 Qb6 10. Rb1 Qb4 11. Qe2 exd4 12. Nxd4 Nb6 13. Be3 Qxc4 14. Qd2 d5 15. e5 Nfd7 16. e6 Ne5 17. exf7+ Nxf7 18. Rfe1 c5 19. Bf1 cxd4 20. Bxc4 dxe3 21. Qxe3 dxc4 22.
Rbd1 Bxh3 23. Nb5 Bh6 24. Qe7 Ng5 25. f4 Nf3+ 26. Kf2 Nxe1 27. Rxe1 Rad8 28. Qh4 Rd2+ 29.
Re2 1-0

[Event "*** Titled Tuesday Blitz"]
[Site "Chess.com"]
[Date "2019.07.02"]
[Round "3"]
[White "Colombiano07"]
[Black "ahkashefi2800"]
[Result "1-0"]
[WhiteElo "2166"]
[BlackElo "2050"]
[TimeControl "180+2"]
[EndTime "13:39:41 PDT"]
[Termination "Colombiano07 won on time"]

1. e4 c6 2. d4 d5 3. f3 g6 4. Nc3 h5 5. Be3 Bh6 6. Qd2 Bxe3 7. Qxe3 e6 8. Bd3 Ne7 9. Nh3 Nd7 10. O-O-O Nf6 11. Ng5 Qc7 12. g3 Bd7 13. Kb1 Nh7 14. Rhe1 Nxg5 15. Qxg5 Rf8 16. exd5 cxd5 17.
Nxd5 Nxd5 18. Qxd5 O-O-O 19. Qe5 Bc6 20. f4 h4 21. Be4 hxg3 22. hxg3 Qxe5 23. fxe5 Rh8 24.
Bxc6 bxc6 25. Rf1 Rd7 26. Rf3 Rh5 27. Kc1 Kd8 28. c3 Ke8 29. Kc2 c5 30. Rd2 cxd4 31. cxd4 Rg5 32. b4 Rg4 33. Rfd3 Rc7+ 34. Kb3 Rd7 35. b5 Re4 36. a4 Kd8 37. Kb4 1-0

[Event "*** Titled Tuesday Blitz"]
[Site "Chess.com"]
[Date "2019.07.02"]
[Round "3"]
[White "Mazanchenko_Dmitry"]
[Black "Superfelix"]
[Result "0-1"]
[WhiteElo "2236"]
[BlackElo "2352"]
[TimeControl "180+2"]
[EndTime "13:39:42 PDT"]
[Termination "Superfelix won by resignation"]

1. e4 c5 2. Ne2 Nf6 3. Nbc3 d5 4.
exd5 Nxd5 5. Nxd5 Qxd5 6. Nc3 Qd8 7. Bc4 Nc6 8. O-O e6 9. a4 Bd6 10. d3 b6 11. Bb5 Bb7 12. Qf3 Rc8 13. Ne4 Be7 14. Qg3 O-O 15. Bh6 Bf6 16. Nd6 Nd4 17. Rae1 Rc7 18. Nxb7 Rxb7 19. Be3 Nxc2 20. Rc1 Nd4 21.
Bxd4 Qxd4 22. b3 Qe5 23. Qxe5 Bxe5 24. f4 Bd4+ 25. Kh1 g6 26. Bc4 Re7 27. g4 Kg7 28.
Rce1 Rfe8 29. Re2 f5 30. g5 e5 31. Rfe1 Kf8 32. Kg2 e4 33. dxe4 fxe4 34. Bd5 e3 35. Kf3 Rd8 36. Bc4 Kg7 37. h4 h5 38. f5 gxf5 39. Rg1 Re4 40. g6 Rxh4 41. Rg5 Rf8 42.
Bf7 Kf6 43. g7 Kxf7 44. gxf8=Q+ Kxf8 45. Rxf5+ Ke7 46. Rf4 Rh1 47. Rxd4 cxd4 48. Ke4 Rh4+ 49. Kd5 Kd7 50. b4 Rg4 51. b5 h4 52. Rh2 d3 53.
Rh3 d2 0-1

[Event "*** Titled Tuesday Blitz"]
[Site "Chess.com"]
[Date "2019.07.02"]
[Round "3"]
[White "MikeSailer"]
[Black "Synctel"]
[Result "1-0"]
[WhiteElo "2068"]
[BlackElo "1989"]
[TimeControl "180+2"]
[EndTime "13:39:43 PDT"]
[Termination "MikeSailer won on time"]

1. b4 d5 2. Nf3 Nf6 3. e3 e6 4. b5 Bd6 5. c4 c6 6. a4 O-O 7.
Bb2 Nbd7 8. d4 Re8 9. Be2 e5 10. dxe5 Nxe5 11. Nxe5 Bxe5 12. Bxe5 Rxe5 13. bxc6 bxc6 14.
O-O Be6 15. Nd2 Ne4 16. Nxe4 dxe4 17. Qc2 f5 18. Rad1 Qc7 19. c5 Qa5 20. Rd6 Bd5 21.
Qb2 Re7 22. Rc1 Rae8 23. g3 Qc7 24. Bc4 Rd7 25. Bxd5+ cxd5 26. Rxd7 Qxd7 27. c6 Qc7 28. Qb5 Rd8 29. Rc5 d4 30. Qc4+ Kf8 31. exd4 1-0

[Event "*** Titled Tuesday Blitz"]
[Site "Chess.com"]
[Date "2019.07.02"]
[Round "3"]
[White "Manukyan_Artak"]
[Black "fidezivkovic"]
[Result "0-1"]
[WhiteElo "2332"]
[BlackElo "2256"]
[TimeControl "180+2"]
[EndTime "13:39:45 PDT"]
[Termination "fidezivkovic won by resignation"]

1. e4 c5 2. Nf3 g6 3. c3 Bg7 4. d4 cxd4 5. cxd4 d5 6. exd5 Nf6 7.
Bb5+ Nbd7 8. Nc3 O-O 9. Bxd7 Bxd7 10. Qb3 b5 11. O-O a5 12. a4 b4 13. Nb5 Bxb5 14. axb5 Nxd5 15. Bg5 Qd7 16. Ne5 Qxb5 17. Rac1 Rfc8 18.
Rxc8+ Rxc8 19. Bxe7 Bxe5 20. dxe5 Nxe7 21. e6 Qc4 22. exf7+ Kxf7 23. Qh3 h5 24. Qf3+ Kg7 25. Qb7 Rc7 26. Qb6 Nd5 27. Qxa5 Nf4 28. Qe5+ Kh7 29. g3 Nd3 30. Qd6 Nxb2 31. Re1 Rf7 32. Re7 b3 33. Rxf7+ Qxf7 34. g4 hxg4 35. Qg3 Nd1 36.
f4 b2 37. f5 Qxf5 38. Qh4+ Kg7 39. Qe7+ Qf7 40. Qe5+ Qf6 41. Qc7+ Kh6 42. Qg3 b1=Q 43. Qxg4 Ne3+ 0-1

[Event "*** Titled Tuesday Blitz"]
[Site "Chess.com"]
[Date "2019.07.02"]
[Round "3"]
[White "OparinGrigoriy"]
[Black "tigra"]
[Result "1-0"]
[WhiteElo "2980"]
[BlackElo "2743"]
[TimeControl "180+2"]
[EndTime "13:39:46 PDT"]
[Termination "OparinGrigoriy won by resignation"]

1. Nf3 g6 2. e4 c5 3. d4 cxd4 4. Nxd4 Nc6 5. c4 Nf6 6. Nc3 d6 7. Be2 Bg7 8. Nc2 Be6 9. O-O Qa5 10. Bd2 O-O 11. b3 Rfc8 12. Rb1 a6 13. a4 Nd7 14. Nd5 Qd8 15. Nf4 Nc5 16. Nxe6 Nxe6 17. Bg4 Rab8 18.
Ne3 b5 19. cxb5 axb5 20. a5 b4 21. Bxe6 fxe6 22. Qg4 Nd4 23. Nc4 Kh8 24. Be3 Nxb3 25. Rxb3 Rxc4 26. Qxe6 Qg8 27. Qxe7 Ra8 28. Qxd6 Rxa5 29.
Rxb4 Be5 30. Qb6 Rxb4 31. Qxb4 Qa8 32. g3 Bf6 33. Rd1 Ra4 34. Qd6 Kg7 35. Qd7+ Kg8 36. Qe6+ Kh8 37. Qxf6+ 1-0

[Event "*** Titled Tuesday Blitz"]
[Site "Chess.com"]
[Date "2019.07.02"]
[Round "3"]
[White "Gr3egor"]
[Black "shnitez"]
[Result "0-1"]
[WhiteElo "2604"]
[BlackElo "2567"]
[TimeControl "180+2"]
[EndTime "13:39:47 PDT"]
[Termination "shnitez won by resignation"]

1. d4 Nf6 2. c4 e6 3. Nf3 b6 4. g3 Bb7 5. Bg2 Be7 6. O-O O-O 7.
Nc3 Ne4 8. Qc2 Nxc3 9. Ng5 Nxe2+ 10. Qxe2 Bxg2 11. Kxg2 Bxg5 12. Qf3 Nc6 13. d5 Bxc1 14. dxc6 Bxb2 15. Rad1 d6 16. h4 Qf6 17. Qb3 Bd4 18. h5 Bc5 19. f4 e5 20. Qd3 Rae8 21. h6 e4 22. Qe2 Qxh6 23. Rd5 f5 24. Rh1 Qg6 25. Rh4 Re6 26. g4 fxg4 27. Rxg4 Qf7 28. Rdg5 Rg6 29. Rxg6 hxg6 30. Qxe4 Qf5 31. Qe2 Kf7 32.
Rg5 Qxf4 33. Rg4 Qf5 34. Re4 Kg8 35. Re7 Qg5+ 36. Kh3 Rf4 0-1

[Event "*** Titled Tuesday Blitz"]
[Site "Chess.com"]
[Date "2019.07.02"]
[Round "3"]
[White "Amirreza_p"]
[Black "3f32"]
[Result "0-1"]
[WhiteElo "2810"]
[BlackElo "2472"]
[TimeControl "180+2"]
[EndTime "13:39:48 PDT"]
[Termination "3f32 won by resignation"]

1. e4 c5 2. c3 Nf6 3. e5 Nd5 4. d4 cxd4 5. cxd4 d6 6. Nf3 e6 7. Bd3 Nc6 8. O-O Be7 9. Nc3 O-O 10. Qc2 h6 11. Qe2 f5 12. exf6 Rxf6 13. Qe4 Rf5 14. g4 Nf6 15. Qe2 Rxf3 16. Qxf3 Nxd4 17. Qg2 e5 18. h3 Bd7 19. Nd5 Bc6 20. Nxf6+ Bxf6 21. Be4 d5 22. Bg6 e4 23. Be3 Nf3+ 24. Kh1 d4 25.
Rad1 Qb6 26. g5 hxg5 27. Qg4 Ne5 28. Qe6+ Kh8 29. Rxd4 Nxg6 30. Rd6 Qxb2 31. Rfd1 Qe2 32. Kg1 Ne5 33. Qf5 Nf3+ 34. Kg2 Nh4+ 35. Kg3 Nxf5+ 36.
Kg2 Qf3+ 37. Kg1 Nh4 0-1

[Event "*** Titled Tuesday Blitz"]
[Site "Chess.com"]
[Date "2019.07.02"]
[Round "3"]
[White "TheCount"]
[Black "AbasovN"]
[Result "1-0"]
[WhiteElo "2779"]
[BlackElo "2856"]
[TimeControl "180+2"]
[EndTime "13:39:49 PDT"]
[Termination "TheCount won by resignation"]

1. Nf3 c5 2. g3 Nc6 3. d4 cxd4 4. Nxd4 g6 5. Bg2 Bg7 6. Nxc6 bxc6 7. O-O Rb8 8. c4 Nf6 9. Nc3 O-O 10. b3 d6 11.
Bb2 c5 12. Qd2 Bb7 13. e4 a5 14. Rfe1 Qc8 15. a4 Bc6 16. Nb5 Ra8 17. Bc3 Qb7 18.
f3 Qb6 19. g4 Rfd8 20. h4 e5 21. h5 gxh5 22. g5 Nd7 23. Qxd6 Nf8 24. Qc7 Qa6 25. Rad1 Ne6 26. Rxd8+ Rxd8 27. Qxa5 Qxa5 28. Bxa5 Rd3 29.
Rb1 h4 30. Be1 h3 31. Bxh3 Nxg5 32. Bg2 Nxf3+ 33. Bxf3 Rxf3 34. Nc3 f5 35. a5 fxe4 36. a6 e3 37. a7 e2 38. Nxe2 e4 39. Rd1 Rd3 40.
Rxd3 exd3 41. Nf4 Bd4+ 42. Kf1 Be4 43. Nd5 Bf5 44. a8=Q+ Kf7 45. Qb7+ Kg6 46. Ne7+ 1-0

[Event "*** Titled Tuesday Blitz"]
[Site "Chess.com"]
[Date "2019.07.02"]
[Round "3"]
[White "Yurovskykh_Oleksandr"]
[Black "ChessWeebs"]
[Result "0-1"]
[WhiteElo "2529"]
[BlackElo "2784"]
[TimeControl "180+2"]
[EndTime "13:39:52 PDT"]
[Termination "ChessWeebs won by resignation"]

1. d4 d5 2. Bf4 Nf6 3. e3 c5 4. c3 e6 5. Nd2 Nc6 6. Ngf3 Be7 7. Ne5 Nd7 8. Nxd7 Bxd7 9. Bd3 O-O 10. O-O c4 11. Bc2 f5 12. Nf3 b5 13. Ne5 Nxe5 14. Bxe5 a5 15. f3 b4 16. e4 a4 17. Qd2 a3 18. b3 Qa5 19. bxc4 bxc3 20. Qe2 dxc4 21. exf5 exf5 22. Bxg7 Kxg7 23. Qxe7+ Rf7 24.
Qg5+ Kh8 25. Rab1 Ba4 26. Rfc1 Bxc2 27. Rxc2 Re8 28. Rbc1 Qb6 29. Qf4 Rd7 30. Rd1 Red8 31. Qe5+ Kg8 32. Rxc3 Rxd4 33. Rxd4 Rxd4 34. Qe3 Rd1+ 35.
Kf2 Rd2+ 36. Kg3 Qg6+ 37. Kf4 Qd6+ 38. Kxf5 Rd5+ 39. Kg4 Qg6+ 40. Kf4 Qg5+ 0-1

[Event "*** Titled Tuesday Blitz"]
[Site "Chess.com"]
[Date "2019.07.02"]
[Round "3"]
[White "Alex_Molchanov"]
[Black "jk13"]
[Result "1-0"]
[WhiteElo "2574"]
[BlackElo "2592"]
[TimeControl "180+2"]
[EndTime "13:39:52 PDT"]
[Termination "Alex_Molchanov won by resignation"]

1. Nf3 Nf6 2. c4 e6 3. g3 d5 4.
Bg2 dxc4 5. Qa4+ c6 6. Qxc4 b5 7. Qc2 Bb7 8. a4 a6 9. O-O Nbd7 10. Nc3 Be7 11. d3 O-O 12. e4 Rc8 13. h3 Qb6 14.
Be3 c5 15. axb5 axb5 16. Rfc1 Bc6 17. b4 Qb7 18. bxc5 Nxc5 19. Rab1 Qa6 20. Ne2 Na4 21. Qb3 Rfd8 22. Nfd4 Nc5 23. Qd1 Be8 24. Ra1 Qb7 25. Rcb1 e5 26. Nf5 Nxd3 27. Qf1 Bc5 28. g4 Bxe3 29.
Nxe3 g6 30. Nd5 Nxd5 31. exd5 Qe7 32. Rb3 e4 33. Ng3 Nc5 34. Re3 Rxd5 35. Nxe4 Nxe4 36.
Bxe4 Re5 37. Rae1 Rd8 38. f4 Re6 39. f5 Re5 40. Qf4 Qc5 41. fxg6 hxg6 42. h4 Rd4 43. Qf2 b4 44. Bxg6 Rxg4+ 45. Kh2 Rxe3 46. Rxe3 Qd6+ 47. Kh3 Bd7 48. Bf5 Bxf5 49. Qxf5 Qg6 50. Qxg4 Qxg4+ 51. Kxg4 1-0

[Event "*** Titled Tuesday Blitz"]
[Site "Chess.com"]
[Date "2019.07.02"]
[Round "3"]
[White "Infernal_XaM"]
[Black "GrigorGrigorov"]
[Result "1-0"]
[WhiteElo "2885"]
[BlackElo "2770"]
[TimeControl "180+2"]
[EndTime "13:39:54 PDT"]
[Termination "Infernal_XaM won by resignation"]

1. c4 Nf6 2. Nc3 e6 3. e4 d5 4. cxd5 exd5 5. e5 Ne4 6. d3 Nxc3 7. bxc3 Be7 8. Nf3 O-O 9. d4 c5 10.
Bd3 Nc6 11. h3 Be6 12. O-O Rc8 13. a3 Qd7 14. Be3 c4 15. Bc2 Bf5 16. Nd2 Bxc2 17. Qxc2 Nd8 18. f4 f5 19. exf6 Bxf6 20. Nf3 Nf7 21.
Ne5 Qe8 22. Rae1 Nd6 23. f5 Ne4 24. Bf4 Bxe5 25. Bxe5 Qh5 26. Qb2 b6 27. Rf3 Rxf5 28. Qb5 Rd8 29. Ref1 Rxf3 30. Rxf3 Qe8 31. Qb2 Qe7 32.
Rf4 Rf8 33. Rg4 Rf7 34. a4 h6 35. a5 bxa5 36. Qb5 Qe6 37. Qxa5 Kh7 38. Kh2 h5 39. Rh4 Kh6 40. Qd8 g5 41. Qh8+ Rh7 42. Rxh5+ 1-0

[Event "*** Titled Tuesday Blitz"]
[Site "Chess.com"]
[Date "2019.07.02"]
[Round "3"]
[White "KamilPlichta"]
[Black "VerdeNotte"]
[Result "1-0"]
[WhiteElo "2800"]
[BlackElo "2835"]
[TimeControl "180+2"]
[EndTime "13:39:55 PDT"]
[Termination "KamilPlichta won by resignation"]

1. d4 Nf6 2. Bg5 g6 3. Bxf6 exf6 4. e3 f5 5. g3 Bg7 6. Bg2 O-O 7.
Ne2 d6 8. O-O c6 9. c4 Be6 10.
Qd3 d5 11. cxd5 Bxd5 12. Bxd5 Qxd5 13. Nbc3 Qf3 14. Nf4 Nd7 15. Qe2 Qxe2 16. Nfxe2 Rfe8 17. Rfd1 Nf6 18. Rac1 Rad8 19. Nf4 g5 20. Nd3 Re7 21. b4 h5 22. b5 cxb5 23. Nxb5 a6 24. Nc3 Ne4 25.
Nxe4 fxe4 26. Nb2 Red7 27. Nc4 f5 28. Nb6 Rd6 29. Nc4 Rd5 30. Rc2 f4 31. Rdc1 Rf5 32. Nd2 Rf7 33. Rc8 Rxc8 34. Rxc8+ Kh7 35. Nxe4 Kg6 36.
Rc5 Re7 37. f3 fxe3 38. Rxg5+ Kh6 39. Rd5 Rc7 40. Rd6+ Kh7 41. Ng5+ Kg8 42. Rd8+ Bf8 43. Rxf8+ Kxf8 44. Ne6+ Ke7 45. Nxc7 Kd6 46. Nxa6 bxa6 47.
Kf1 Kd5 48. Ke2 Kxd4 49. h4 a5 50. a4 Kc3 51. g4 1-0

[Event "*** Titled Tuesday Blitz"]
[Site "Chess.com"]
[Date "2019.07.02"]
[Round "3"]
[White "PlotnikovPavel"]
[Black "FranciscodelaF"]
[Result "0-1"]
[WhiteElo "2321"]
[BlackElo "2265"]
[TimeControl "180+2"]
[EndTime "13:39:56 PDT"]
[Termination "FranciscodelaF won by checkmate"]

1. d4 Nf6 2. c4 e6 3. Nc3 d5 4.
Nf3 dxc4 5. e4 Bb4 6. e5 Nd5 7.
Bd2 c5 8. Ne4 O-O 9. Bxc4 cxd4 10. Bxd5 Bxd2+ 11. Qxd2 exd5 12. Nd6 Nc6 13. O-O Nxe5 14.
Nxe5 Qxd6 15. Qxd4 Be6 16. f4 f6 17. Nd3 Bf5 18.
Nf2 Rfd8 19. Rfd1 Rac8 20. Rac1 Rxc1 21. Rxc1 b6 22. a3 Qe7 23. h3 Be4 24. Re1 f5 25. Nd3 Rc8 26. Nb4 Qc5 27. Rd1 Kf7 28. Kf2 Ke6 29.
g4 Qxd4+ 30. Rxd4 a5 31. gxf5+ Kd6 32. Nd3 Bxd3 33. Rxd3 Rc2+ 34. Ke3 Rxb2 35. Rc3 Rh2 36. Kd4 Rd2+ 37. Ke3 d4+ 38. Kxd2 dxc3+ 39. Kxc3 Kc5 40. a4 b5 41. axb5 Kxb5 42. Kd4 Kb4 43. Ke5 a4 44. Ke6 a3 45. Kf7 a2 46. Kxg7 a1=Q+ 47. f6 Kc5 48. f5 Kd6 49. h4 Qe5 50. h5 Qxf5 51. f7 Ke7 52. h6 Qxf7+ 53. Kh8 Qf5 54. Kg7 Ke6 55. Kh8 Kf6 56. Kg8 Kg6 57. Kh8 Qf8# 0-1

[Event "*** Titled Tuesday Blitz"]
[Site "Chess.com"]
[Date "2019.07.02"]
[Round "3"]
[White "tunadrol"]
[Black "TBergh98"]
[Result "1-0"]
[WhiteElo "2415"]
[BlackElo "2277"]
[TimeControl "180+2"]
[EndTime "13:39:56 PDT"]
[Termination "tunadrol won by resignation"]

1. e4 Nf6 2. e5 Nd5 3. d4 d6 4.
Nf3 dxe5 5. Nxe5 c6 6. c4 Nb4 7. Be3 Bf5 8. Na3 Nd7 9. Qb3 e6 10. Be2 Nxe5 11. dxe5 Qa5 12. O-O Qxe5 13. f4 Qa5 14. g4 Be4 15. Rad1 Bc5 16. Nb5 Bxe3+ 17. Qxe3 cxb5 18. Qxe4 O-O 19. a3 Nc6 20. cxb5 Qb6+ 21.
Kh1 Ne7 22. f5 exf5 23. gxf5 Rae8 24. Qg2 Qf6 25. Bg4 b6 26. a4 Kh8 27. Rd7 Ng8 28. Rxa7 Nh6 29. Bh5 Qh4 30. Rg1 Nxf5 31. Bxf7 Re1 32.
Bd5 Rxg1+ 33. Qxg1 Re8 34. a5 h6 35. axb6 g5 36.
b7 Qf4 37. Ra8 Rb8 38. Rxb8+ Qxb8 39. Qf2 Qe5 40. Qxf5 Qxf5 41. b8=Q+ Kg7 42. Qg8+ Kf6 43. Qf7+ Ke5 44. Qxf5+ 1-0

[Event "*** Titled Tuesday Blitz"]
[Site "Chess.com"]
[Date "2019.07.02"]
[Round "3"]
[White "CarlssonLudvig"]
[Black "nitpicker"]
[Result "1-0"]
[WhiteElo "2372"]
[BlackElo "2229"]
[TimeControl "180+2"]
[EndTime "13:39:57 PDT"]
[Termination "CarlssonLudvig won by resignation"]

1. d4 Nf6 2. Nf3 b6 3. c4 e6 4. a3 Bb7 5. Nc3 d5 6. Bg5 Be7 7. e3 O-O 8. Rc1 a6 9. cxd5 exd5 10. Be2 Nbd7 11. b4 Rc8 12. O-O Ne4 13. Bxe7 Qxe7 14. Qb3 Nxc3 15. Rxc3 Qd6 16. Rfc1 c6 17. a4 Rc7 18. a5 Rb8 19. axb6 Nxb6 20. Ne5 Nd7 21. Nd3 Bc8 22. Qa3 Nf6 23. Nc5 Ne4 24. Nxe4 dxe4 25.
Rc5 h6 26. Qa4 Rb6 27. d5 Bd7 28. dxc6 Rcxc6 29. Rxc6 Bxc6 30. Qa5 Qxb4 31. Qxb4 Rxb4 32. Rxc6 a5 33. Ra6 Rb1+ 34. Bf1 Ra1 35. g3 Kf8 36.
Kg2 Ke8 37. Bc4 f6 38. Ra7 g5 39. g4 Rc1 40. Bf7+ Kd8 41. Rxa5 1-0

[Event "*** Titled Tuesday Blitz"]
[Site "Chess.com"]
[Date "2019.07.02"]
[Round "3"]
[White "Daniela_Movileanu"]
[Black "MFBerna"]
[Result "0-1"]
[WhiteElo "2486"]
[BlackElo "2415"]
[TimeControl "180+2"]
[EndTime "13:39:57 PDT"]
[Termination "MFBerna won by resignation"]

1. c4 c6 2. g3 d5 3. Bg2 e6 4. Nf3 Nf6 5. O-O Be7 6. d3 O-O 7. Nc3 c5 8. cxd5 exd5 9. Bg5 h6 10. Bf4 Nc6 11. Ne5 Be6 12. a3 Rc8 13. Rc1 Nd4 14. Qa4 b5 15. Qd1 Qb6 16. e3 Nf5 17. h4 Rfd8 18. Qd2 d4 19. Ne4 dxe3 20. fxe3 c4 21. d4 Nxe4 22. Bxe4 Nxd4 23. exd4 Rxd4 24. Qe3 Rxe4 25. Qxb6 axb6 26. Nf3 Bf6 27. Rc2 Bf5 28. Rd2 c3 29. bxc3 Rxc3 30. Rd6 Bh3 31. Rf2 Rxa3 32.
Nd2 Re1+ 33. Kh2 Bg4 34. Ne4 Rxe4 35. Rfd2 Re2+ 36. Rxe2 Bxe2 37. Rxb6 Bc4 38. Bd6 Ra2+ 39. Kg1 Bd4+ 0-1

[Event "*** Titled Tuesday Blitz"]
[Site "Chess.com"]
[Date "2019.07.02"]
[Round "3"]
[White "Ali_rastbod"]
[Black "iturrizaga"]
[Result "0-1"]
[WhiteElo "2757"]
[BlackElo "2941"]
[TimeControl "180+2"]
[EndTime "13:39:59 PDT"]
[Termination "iturrizaga won by resignation"]

1. c4 c5 2. Nf3 g6 3. g3 Bg7 4. Bg2 Nc6 5. O-O d6 6. Nc3 e6 7. b3 Nge7 8. Bb2 O-O 9. e3 b6 10. Qe2 Ba6 11. Rfd1 Rc8 12. Rac1 Qd7 13. d4 cxd4 14.
exd4 d5 15. Ne5 Nxe5 16. dxe5 Qc7 17. Nb5 Bxb5 18. cxb5 Qd7 19. a4 Rxc1 20. Rxc1 Rc8 21. Rxc8+ Qxc8 22. Qd2 Nf5 23. Bf3 h5 24. Kg2 Qc7 25.
Qe1 d4 26. Bc6 Bxe5 27. Qe4 Bf6 28. Bc1 Kg7 29. Bf4 Qd8 30. Qd3 Bg5 31. Bxg5 Qxg5 32. Be4 e5 33. b4 Nd6 34. a5 Qc1 35. axb6 axb6 36. Bc6 Qc4 37. Qd2 Nxb5 38. Bf3 Nc3 39. Qg5 f6 40. Qc1 d3 41. Qa1 e4 42. Qa7+ Qf7 0-1

[Event "*** Titled Tuesday Blitz"]
[Site "Chess.com"]
[Date "2019.07.02"]
[Round "3"]
[White "BakaPG"]
[Black "resha1988"]
[Result "1/2-1/2"]
[WhiteElo "2725"]
[BlackElo "2748"]
[TimeControl "180+2"]
[EndTime "13:40:01 PDT"]
[Termination "Game drawn by agreement"]

1. e4 c5 2. Nf3 Nc6 3. Nc3 e6 4. d4 cxd4 5. Nxd4 Qc7 6. Be2 a6 7. O-O Nf6 8. Kh1 d6 9. f4 Be7 10. Be3 Bd7 11. Qe1 O-O 12. Qg3 Nxd4 13. Bxd4 Bc6 14.
Rae1 b5 15. a3 Qb7 16. Bd3 a5 17. Nd1 b4 18. axb4 axb4 19. Nf2 Nh5 20. Qf3 Nf6 21. Ng4 Nxg4 22. Qxg4 g6 23. f5 e5 24. Be3 Rfd8 25.
f6 Bf8 26. Qh4 d5 27. Bh6 Bc5 28. exd5 Bxd5 29. Qg5 Re8 30. Bg7 e4 31. Be2 Bd6 32.
Rd1 Re5 33. Qg4 e3 34. Rfe1 Rae8 35. c4 Be6 36. Qf3 Qxf3 37. Bxf3 Bc5 38. b3 Bf5 39.
Rc1 h5 40. Bh6 e2 41. Bf4 Bf2 42. Bxe5 Bxe1 43. Rxe1 Rxe5 44. Rxe2 Rxe2 45. Bxe2 Bc2 46. c5 Bxb3 47. c6 Be6 48. c7 b3 49. Kg1 b2 50.
Bd3 Kf8 51. Kf2 Ke8 52. Bb5+ Kf8 53. Bd3 Ke8 54. Bb5+ Kf8 1/2-1/2

[Event "*** Titled Tuesday Blitz"]
[Site "Chess.com"]
[Date "2019.07.02"]
[Round "3"]
[White "TonRicher"]
[Black "Margency"]
[Result "0-1"]
[WhiteElo "2412"]
[BlackElo "2635"]
[TimeControl "180+2"]
[EndTime "13:40:01 PDT"]
[Termination "Margency won by resignation"]

1. d4 Nf6 2. c4 g6 3. Nc3 Bg7 4. e4 d6 5. Nf3 O-O 6. Be2 e5 7. d5 a5 8. Bg5 Na6 9. Nd2 Qe8 10. h4 Nd7 11. h5 f6 12. Be3 f5 13. exf5 gxf5 14.
f3 Ndc5 15. a3 a4 16. Qc2 Bd7 17. O-O-O Qe7 18. g4 e4 19. f4 Nd3+ 20. Bxd3 exd3 21. Qxd3 fxg4 22. Bd4 Nc5 23. Bxc5 dxc5 24. Rde1 Qf7 25. h6 Bd4 26. Nce4 Qxf4 27. Rhf1 Qxh6 28. Rh1 Qg7 29. Qc2 Bf5 30. Rh5 Rae8 31. Reh1 Bg6 32. Rg5 Rf4 33. Qxa4 Rfxe4 34. Nxe4 Rxe4 35. Qa8+ Re8 36. Qxb7 Be3+ 37. Kd1 Qd4+ 38. Ke1 Qd2+ 0-1

[Event "*** Titled Tuesday Blitz"]
[Site "Chess.com"]
[Date "2019.07.02"]
[Round "3"]
[White "SanchezKelvin"]
[Black "Palacios-LLera"]
[Result "1-0"]
[WhiteElo "2399"]
[BlackElo "2404"]
[TimeControl "180+2"]
[EndTime "13:40:03 PDT"]
[Termination "SanchezKelvin won by resignation"]

1. d4 d5 2. c4 e6 3. Nf3 Be7 4. Nc3 Nf6 5. Bg5 Nbd7 6. e3 O-O 7. Qc2 Re8 8. h4 Nf8 9. O-O-O a6 10. Bxf6 Bxf6 11.
g4 dxc4 12. g5 Be7 13. Bxc4 b5 14. Qe4 Rb8 15. Bd3 Bb7 16. Qg4 c5 17. dxc5 Qc7 18. Ne4 Bxc5 19. Kb1 Be7 20. Rc1 Qb6 21. h5 Red8 22. Bc2 Rbc8 23. Ne5 Rxc2 24. Rxc2 Bxe4 25. Qxe4 Bxg5 26. h6 g6 27. f4 Bf6 28. Nc6 Rd6 29. Rhc1 Nd7 30. Ne5 Nf8 31. Rc8 Rd8 32. Qa8 Qd6 33.
Rxd8 Bxd8 34. a3 Bf6 35. Rc8 Bxe5 36. fxe5 Qe7 37. Re8 Qc5 38. b4 1-0

[Event "*** Titled Tuesday Blitz"]
[Site "Chess.com"]
[Date "2019.07.02"]
[Round "3"]
[White "Vamostodorecto"]
[Black "PabloZarnicki"]
[Result "1-0"]
[WhiteElo "2423"]
[BlackElo "2598"]
[TimeControl "180+2"]
[EndTime "13:40:04 PDT"]
[Termination "Vamostodorecto won by resignation"]

1. d4 Nf6 2. c4 e6 3. Nc3 Bb4 4. e3 c5 5. Bd3 Nc6 6. Nf3 Bxc3+ 7. bxc3 d6 8. O-O e5 9. d5 Ne7 10. e4 O-O 11. Nh4 h6 12. f4 exf4 13. Bxf4 Ng6 14. Nxg6 fxg6 15. e5 Nh5 16. Qd2 Bf5 17. Bxf5 Rxf5 18. e6 Nxf4 19. Rxf4 Qg5 20. Raf1 Raf8 21.
Rxf5 gxf5 22. Qxg5 hxg5 23. Rb1 Rb8 24. Kf2 Kf8 25. a4 Ke7 26. a5 Kf6 27. a6 b6 28.
h3 Rh8 29. Re1 Ke7 30. Kf3 Rh4 31. Ke3 Rxc4 32. Kd3 Ra4 33. Rf1 g6 34. g4 f4 35.
Rh1 f3 36. h4 Rf4 37. hxg5 f2 38. Ke2 b5 39. Rh7+ Ke8 40. Rh8+ Ke7 41. Rh7+ Kf8 42.
Kf1 b4 43. cxb4 Rxb4 44. Rxa7 Ra4 45. Kxf2 c4 46. Ke3 c3 47. Kd3 Ra5 48. Kxc3 Rxd5 49. Rf7+ Ke8 50. a7 Ra5 51. Rh7 d5 52. a8=Q+ Rxa8 53. Rh8+ Ke7 54. Rxa8 Kxe6 55. Kd4 Kd6 56. Ra6+ Ke7 57. Rxg6 Kf7 58. Rf6+ Kg7 59. Kxd5 1-0